 Dungeon Crawl Stone Soup version 0.29.1-15-g9cfb28693d (webtiles) character file.

Game seed: 7457540463664856546

98 BigDaddyOpFi the Digger (level 4, -1/24 HPs)
             Began as a Deep Elf Earth Elementalist on Mar 20, 2023.
             Slain by a rat (2 damage)
             ... summoned by Eustachio
             ... on level 4 of the Dungeon.
             The game lasted 00:02:38 (3008 turns).

BigDaddyOpFi the Digger (DEEE)                      Turns: 3008, Time: 00:02:39

Health: -1/24      AC:  3    Str:  5    XL:     4   Next: 43%
Magic:  11/11      EV: 13    Int: 22    God:
Gold:   122        SH:  0    Dex: 15    Spells: 6/10 levels left

rFire   + . .      SeeInvis .   m - +10 whip of Judgement {venom, rF+}
rCold   . . .      Faith    .   (no shield)
rNeg    . . .      Spirit   .   a - +0 robe
rPois   .          Reflect  .   k - +0 helmet
rElec   .          Harm     .   (no cloak)
rCorr   .          Rampage  .   (no gloves)
Will    .....                   (no boots)
Stlth   ++........              p - amulet of magic regeneration
HPRegen 0.08/turn               (no ring)
MPRegen 0.52/turn               (no ring)

@: no status effects
A: no striking features
a: no special abilities


You were on level 4 of the Dungeon.
You visited 1 branch of the dungeon, and saw 4 of its levels.

You collected 122 gold pieces.

Inventory:

Hand Weapons
 f - a +0 short sword
 m - the +10 whip of Judgement (weapon) {venom, rF+}
   (You found it on level 2 of the Dungeon)

   It poisons the flesh of those it strikes.
   rF:        It protects you from fire.
Armour
 a - a +0 robe (worn)
 k - a +0 helmet (worn)
Jewellery
 p - an amulet of magic regeneration (around neck)
Scrolls
 d - 3 scrolls of noise {unknown}
 h - 2 scrolls of butterflies {unknown}
 i - 5 scrolls of teleportation
 l - 3 scrolls of identify
 n - a scroll of immolation {unknown}
Potions
 b - a potion of magic
 c - 3 potions of might
 e - 2 potions of heal wounds {unknown}
 g - a potion of curing {unknown}
 j - a potion of brilliance {unknown}
 o - a potion of cancellation {unknown}


   Skills:
 + Level 0.7 Fighting
 + Level 2.9 Dodging
 + Level 3.1 Stealth
 + Level 3.9 Spellcasting
 + Level 1.1 Conjurations
 - Level 1.9 Transmutations
 + Level 4.0 Earth Magic


You had 6 spell levels left.
You knew the following spells:

 Your Spells              Type           Power      Damage    Failure   Level
a - Sandblast             Erth           42%        2d11      2%          1
b - Stone Arrow           Conj/Erth      30%        3d8       12%         3

Your spell library contained the following spells:

 Spells                   Type           Power      Damage    Failure   Level
 Passwall                 Tmut/Erth      14%        N/A       4%          2
 Petrify                  Tmut/Erth      17%        N/A       32%         4
 Inner Flame              Hex/Fire       4%         N/A       34%         3
 Summon Guardian Golem    Hex/Summ       4%         N/A       34%         3
 Cause Fear               Hex            2%         N/A       75%         4
 Iskenderun's Battlesphe  Conj           9%         2d6       89%         5
 Iron Shot                Conj/Erth      7%         9d2       99%         6
 Orb of Destruction       Conj           4%         9d5       100%        7
 Spellforged Servitor     Conj/Summ      3%         N/A       100%        7
 Discord                  Hex            2%         N/A       100%        8


Dungeon Overview and Level Annotations

Branches:
Dungeon (4/15)
 Temple: D:4-7

Altars:
Qazlal

Annotations:
D:4 Eustachio


Message History

Done exploring.
No target in view!
Done exploring.
No target in view!
Done exploring.
No target in view!
(D) Dungeon
Where to? (Enter - D:3, ? - help)
There is an open door here.
There is an open door here.
There is a stone staircase leading down here.
You climb downwards.
Found a glaive.
There is a stone staircase leading up here.
Eustachio the Magnificent comes into view.
He is wielding a +0 rapier.
Eustachio shouts!
Eustachio is nearby!
The blast of sand hits Eustachio.
Eustachio is lightly wounded.
The blast of sand hits Eustachio!
Eustachio is moderately wounded.
Eustachio hits you but does no damage. Eustachio misses you.
The blast of sand hits Eustachio!
Eustachio is heavily wounded.
Eustachio casts a spell.
The blast of sand hits Eustachio!
Eustachio is almost dead.
Eustachio hits you with a +0 rapier.
Eustachio casts a spell.
You barely miss Eustachio.
Eustachio is almost dead.
The white imp hits you but does no damage.
Eustachio misses you. The rat closely misses you.
You hit Eustachio.
Eustachio is poisoned.
Eustachio is almost dead.
The white imp gestures at you. The puff of frost hits you!
Eustachio hits you with a +0 rapier!
* * * LOW HITPOINT WARNING * * *
The rat bites you.
You die...

## ##.## #######. #....#
#. ##....... #!....#
#.###........ #......
..##......... #.....##
#.##..........
#....r@##.$#...........
#....5@.#.##...........
#......r..##.....<.....
..#.......##............
.........###............
.###..##..##.)..........
#.# ##............... ##
##..............
##.............
##............


You could see Eustachio (very poisoned), a white imp (summoned) and 2 rats.

Vanquished Creatures
  2 adders
  A worm (D:2)
  5 dart slugs
  An orc (D:3)
  6 ball pythons
  9 bats
  4 endoplasms
  5 giant cockroaches
  A goblin (D:1)
  6 hobgoblins
  2 jackals (D:3)
  3 quokkas
  A frilled lizard (D:2)
  7 kobolds
  4 rats
57 creatures vanquished.

Notes
Turn   | Place    | Note
-------+----------+-------------------------------------------
     0 | D:1      | BigDaddyOpFi the Deep Elf Earth Elementalist began the
                  | quest for the Orb.
     0 | D:1      | Reached XP level 1. HP: 10/10 MP: 6/6
   278 | D:1      | Reached XP level 2. HP: 15/15 MP: 5/8
  1053 | D:1      | Found a faded altar of an unknown god.
  1387 | D:2      | Reached XP level 3. HP: 19/19 MP: 8/10
  1391 | D:2      | Learned a level 3 spell: Stone Arrow
  1502 | D:2      | Found a stormy altar of Qazlal.
  1744 | D:2      | Identified the +10 whip of Judgement {venom, rF+}
  1873 | D:2      | Reached XP level 4. HP: 24/24 MP: 11/11
  2128 | D:3      | Reached skill level 1 in Conjurations
  2639 | D:3      | Reached skill level 4 in Earth Magic
  3000 | D:4      | Noticed Eustachio
  3008 | D:4      | HP: 1/24 [Eustachio/+0 rapier (7)]
  3008 | D:4      | Slain by a rat

Illustrated notes

Levels and vault maps discovered:
D:1:      lightli_iron_boxes, layout_basic, chequers_ecumenical_altar_lobes,
          minmay_bisected
D:2:      layout_basic, basic_altar
D:3:      layout_basic
D:4:      layout_cave_pods, kennysheep_mini_moat, uniq_duvessa, uniq_eustachio

Skill      XL: |  1  2  3  4 |
---------------+-------------+-----
Conjurations   | 1 |  1.1
Stealth        | 3 |  3.1
Earth Magic    | 4 |  4.0
Fighting       | |  0.7
Dodging        | |  2.9
Spellcasting   | |  3.9
Transmutations | |  1.9

Action                   |  1- 3 |  4- 6 || total
-------------------------+-------+-------++-------
Melee: Unarmed           |     2 |       ||     2
       Whip              |     6 |     7 ||    13
       Short sword       |     1 |       ||     1
 Cast: Sandblast         |    55 |    21 ||    76
  Use: Scroll            |     5 |       ||     5
Armor: Robe              |    10 |     7 ||    17
Dodge: Dodged            |    19 |     9 ||    28
